 Dungeon Crawl Stone Soup version 0.18-a0-117-g77bb7e1 (webtiles) character file.

391 ReteAZ the Twirler (level 6, -3/36 HPs)
             Began as a Gargoyle Gladiator on Nov 18, 2015.
             Was a Follower of Okawaru.
             Killed by nerve-wracking pain
             ... invoked by an orc priest
              (9 damage)
             ... on level 4 of the Dungeon.
             The game lasted 00:05:07 (3424 turns).

ReteAZ the Twirler (Gargoyle Gladiator)             Turns: 3424, Time: 00:05:07

Health: -3/36      AC: 14    Str: 18    XL:     6   Next: 80%
Magic:  6/6        EV: 10    Int:  9    God:    Okawaru [*.....]
Gold:   276        SH:  0    Dex: 12    Spells: 0 memorised, 5 levels left

rFire  . . .     SeeInvis .     B - +3 quarterstaff (chaos)
rCold  . . .     Clarity  .     h - +0 scale mail (curse)
rNeg   + . .     SustAt   .     (shield currently unavailable)
rPois  ∞         Gourm    .     c - +0 helmet
rElec  +         Spirit   .     C - +0 cloak
rCorr  .         Warding  .     z - +0 pair of gloves
rMut   .         Stasis   .     G - +0 pair of boots
MR     .....                    (no amulet)
Stlth  ..........               (no ring)
                                (no ring)

@: not resistant to hostile enchantments, extremely unstealthy
A: negative energy resistance 1, electricity resistance, unbreathing,
petrification resistance, rot immunity, AC +4
a: Heroism, Renounce Religion


You were on level 4 of the Dungeon.
You worshipped Okawaru.
Okawaru was aware of your devotion.
You were not hungry.

You visited 1 branch of the dungeon, and saw 4 of its levels.

You collected 276 gold pieces.

Inventory:

Hand Weapons
 a - a +0 quarterstaff
 B - a +3 quarterstaff of chaos (weapon)
Missiles
 x - 3 throwing nets (quivered)
Armour
 b - a +0 leather armour
 c - a +0 helmet (worn)
 h - a cursed +0 scale mail (worn)
 z - a +0 pair of gloves (worn)
 C - a +0 cloak (worn)
 G - a +0 pair of boots (worn)
Jewellery
 w - an uncursed ring of magical power {unknown}
 I - an uncursed amulet of rage {unknown}
Wands
 d - a wand of digging (13)
 q - a wand of cold (7)
 r - a wand of slowing (27)
Scrolls
 e - 7 scrolls of identify {unknown}
 f - 2 scrolls of amnesia {unknown}
 i - a scroll of immolation {unknown}
 j - a scroll of random uselessness {unknown}
 l - a scroll of enchant armour {unknown}
 y - 2 scrolls of remove curse {unknown}
 A - a scroll of fog {unknown}
Potions
 g - a potion of haste {unknown}
 k - a potion of flight {unknown}
 m - a potion of ambrosia {unknown}
 n - 4 potions of heal wounds {unknown}
 o - a potion of lignification {unknown}
 p - 2 potions of curing
 s - 2 potions of magic {unknown}
 u - 3 potions of poison {unknown}
 F - a potion of mutation {unknown}
Comestibles
 t - a beef jerky
 v - 2 bread rations {@e1}
 D - 2 chunks of flesh {@w0}
 E - a meat ration {@e2}
 H - a slice of pizza


   Skills:
 + Level 2.3 Fighting
 + Level 7.3 Staves
 - Level 1.7 Throwing
 + Level 0.2 Armour
 - Level 2.4 Dodging
 + Level 0.2 Invocations


You had 5 spell levels left.
You didn't know any spells.

Dungeon Overview and Level Annotations

Branches:
Dungeon (4/15)
 Temple: D:4-7

Altars:
Okawaru


Innate Abilities, Weirdness & Mutations

You are resistant to torment.
Your stone body is resilient (AC +4).
You are immune to poison.
You resist negative energy.
You are resistant to electric shocks.
You can survive without breathing.
You are immune to petrification.
You are immune to rotting.


Message History

The orc priest hits you but does no damage.
You sock the orc!
You kill the orc!
Okawaru accepts your kill.
The orc priest casts a cantrip, but nothing happens.
There is an open door here.
Things that are here:
a falchion; a club; an orc corpse You hit the orc priest.
You burn the orc priest.
The orc priest is moderately wounded.
The orc priest calls down the wrath of Beogh upon you.
Something smites you!
* * * LOW HITPOINT WARNING * * *
You are too injured to fight recklessly!
You are too injured to fight recklessly!
Your scale mail prevents you from hitting the orc priest.
The orc priest is moderately wounded.
The orc priest calls down the wrath of Beogh upon you.
Pain shoots through your body!
You die...

#.........###.##
# ##.##.##.##
#.# # #.##.##.#
#.# # #.......#
#+## # ####.####
#...# # ###.#
#..... ###
##.#.# #......
##.#
##....###.......
####...
#.......@o......
+......
##....###.......
####... ##.#.#
#...... ##.#
.....# #.....
### #.######
#...# # # #+##
#### #.# #...
#<# #.##
####.### #.#


You could see an orc priest.

Vanquished Creatures
  Grinder (D:3)
  A hound (D:3)
  Crazy Yiuf (D:3)
  6 adders
  An ooze (D:2)
  2 worms
  3 orcs (D:4)
  3 ball pythons
  5 bats
  6 giant cockroaches
  8 goblins
  7 hobgoblins
  8 jackals
  7 kobolds
  2 giant geckos (D:2)
  A giant gecko skeleton (D:4)
  5 giant newts
  4 rats
71 creatures vanquished.

Notes
Turn   | Place    | Note
--------------------------------------------------------------
     0 | D:1      | ReteAZ the Gargoyle Gladiator began the quest for the Orb.
     0 | D:1      | Reached XP level 1. HP: 12/12 MP: 1/1
   193 | D:1      | Reached XP level 2. HP: 17/17 MP: 2/2
   779 | D:2      | Reached skill level 4 in Staves
   899 | D:2      | Reached XP level 3. HP: 21/21 MP: 3/3
  1642 | D:2      | Reached XP level 4. HP: 13/26 MP: 4/4
  2192 | D:3      | Reached skill level 5 in Staves
  2230 | D:3      | Found an iron altar of Okawaru.
  2247 | D:3      | Became a worshipper of Warmaster Okawaru
  2377 | D:3      | Reached XP level 5. HP: 24/30 MP: 5/5
  2424 | D:3      | Noticed Grinder
  2424 | D:3      | Paralysed by Grinder for 3 turns
  2430 | D:3      | Paralysed by Grinder for 4 turns
  2446 | D:3      | Paralysed by Grinder for 2 turns
  2454 | D:3      | Paralysed by Grinder for 4 turns
  2474 | D:3      | Killed Grinder
  2474 | D:3      | Reached * piety under Okawaru
  2474 | D:3      | Reached skill level 7 in Staves
  2474 | D:3      | Reached XP level 6. HP: 17/35 MP: 6/6
  2733 | D:3      | Noticed Crazy Yiuf
  2741 | D:3      | Killed Crazy Yiuf
  3424 | D:4      | Killed from afar by an orc priest

Vault maps used:
D:1:      minmay_arrival_nine_rooms
D:3:      lemuel_crystal_altar, first_bread, minmay_misc_feat_iff,
          uniq_crazy_yiuf_cottage, uniq_grinder
D:4:      temple_hall

Action                   |  1- 3 |  4- 6 || total
-------------------------+-------+-------++-------
Melee: Quarterstaff      |   109 |   137 ||   246
Throw: Throwing net      |       |     3 ||     3
  Use: Potion            |       |     1 ||     1
 Stab: Paralysed         |       |     1 ||     1
  Eat: Chunk             |     1 |     3 ||     4
       Bread ration      |       |     1 ||     1
